 Dungeon Crawl Stone Soup version 0.25-a0-561-g0977b4d109 (webtiles) character file.

Game seed: 15693608688576642110, levelgen mode: deterministic

21624 Flugslaktarn the Cleaver (level 12, -12/112 HPs)
             Began as a Deep Dwarf Fighter on Feb 25, 2020.
             Was an Initiate of Gozag.
             Mangled by a vampire knight
             ... wielding a +0 dire flail
              (24 damage)
             ... while paralysed by a vampire knight
             ... on level 14 of the Dungeon.
             The game lasted 00:08:45 (9688 turns).

Flugslaktarn the Cleaver (Deep Dwarf Fighter)       Turns: 9688, Time: 00:08:45

Health: -12/112    AC: 29    Str: 24    XL:     12   Next: 55%
Magic:  7/7        EV:  2    Int: 12    God:    Gozag
Gold:   579        SH:  0    Dex: 14    Spells: 11/11 levels left

rFire    + + .     SeeInvis .   a - +0 war axe
rCold    + + +     Gourm    .   A - +0 tower shield
rNeg     . . .     Faith    .   J - +9 plate armour of Circular Logic {rC+++ MR- Slay+5}
rPois    .         Spirit   .   i - +0 helmet
rElec    .         Reflect  +   M - scarf {rC+ rF+}
rCorr    +         Harm     .   g - +0 pair of gloves
MR       .....                  G - +1 pair of boots {run}
Stlth    ..........             F - +2 amulet of reflection
HPRegen  0.00/turn              f - ring of protection from fire
MPRegen  0.10/turn              k - ring of resist corrosion

@: paralysed, mighty, non-regenerating, quick
A: damage resistance, heal wounds, agile 1, clever 1, sense surroundings 2, no
regeneration
a: Heal Wounds, Potion Petition, Call Merchant, Bribe Branch, Renounce Religion


You were on level 14 of the Dungeon.
You worshipped Gozag.
Gozag was pleased with you.
You were very hungry.

You visited 1 branch of the dungeon, and saw 14 of its levels.

You collected 2831 gold pieces.
You spent 755 gold pieces at shops.
You paid 1497 gold pieces to Gozag.

Inventory:

Hand Weapons
 a - a +0 war axe (weapon)
 y - a +2 falchion of flaming
   (You took it off a big kobold on level 12 of the Dungeon)
Armour
 g - a +0 pair of gloves (worn)
   (You found it on level 1 of the Dungeon)
 i - a +0 helmet (worn)
   (You took it off Robin on level 2 of the Dungeon)
 m - a +0 plate armour
   (You took it off an orc warrior on level 9 of the Dungeon)
 o - +0 swamp dragon scales
   (You took it off Maggie on level 7 of the Dungeon)
 A - a +0 tower shield (worn)
   (You found it on level 10 of the Dungeon)
 C - a +1 cloak
   (You found it on level 4 of the Dungeon)
 G - a +1 pair of boots of running (worn)
   (You found it on level 12 of the Dungeon)
 J - the +9 plate armour of Circular Logic (worn) {rC+++ MR- Slay+5}
   (You bought it in a shop on level 13 of the Dungeon)

   It affects your accuracy and damage with ranged weapons and melee attacks
   (+5).
   It renders you almost immune to cold.
   It affects your resistance to hostile enchantments.
   If you remove this armour, your AC will decrease by 24 (29 -> 5).
 M - a scarf of resistance (worn)
   (You found it on level 13 of the Dungeon)
Jewellery
 f - a ring of protection from fire (left hand)
   (You found it on level 12 of the Dungeon)
 k - a ring of resist corrosion (right hand)
   (You found it on level 12 of the Dungeon)
 F - a +2 amulet of reflection (around neck)
   (You found it on level 12 of the Dungeon)
 I - an uncursed amulet of faith {unknown}
   (You found it on level 13 of the Dungeon)
 L - an uncursed amulet of rage {unknown}
   (You found it on level 13 of the Dungeon)
Wands
 b - a wand of paralysis (1)
   (You took it off Maggie on level 7 of the Dungeon)
 H - a wand of clouds (3)
   (You found it on level 12 of the Dungeon)
Scrolls
 c - a scroll of magic mapping
 r - 7 scrolls of identify
 s - 2 scrolls of enchant weapon
 t - 2 scrolls of teleportation
 u - 3 scrolls of remove curse
 v - a scroll of immolation
 x - a scroll of silence
 z - a scroll of fear
 O - a scroll of enchant armour {unknown}
 P - a scroll of blinking {unknown}
Potions
 d - 4 potions of might
 h - a potion of haste
 j - 3 potions of stabbing
 l - 2 potions of flight
 n - a potion of cancellation
 p - a potion of lignification
 q - 2 potions of curing
 B - a potion of invisibility {unknown}
 D - a potion of mutation
 E - a potion of magic
 K - a potion of brilliance {unknown}
 N - a potion of degeneration {unknown}
Comestibles
 e - 19 rations


   Skills:
 + Level 8.8 Fighting
 * Level 13.7 Axes
 + Level 10.5 Armour
 + Level 10.5 Shields
 * Level 8.0 Evocations


You had 11 spell levels left.
You didn't know any spells.
Your spell library was empty.

Dungeon Overview and Level Annotations

Branches:
Dungeon (14/15)            Temple (0/1) D:7            Lair (0/6) D:8
    Orc (0/2) D:10         Vaults (0/5) D:13

Altars:
Ashenzari
Dithmenos
Fedhas
Gozag
Hepliaklqana
Makhleb
Nemelex Xobeh
Qazlal
Ru
Trog
Vehumet
Wu Jian

Shops:
D:11 *   D:13 *(

Annotations:
D:4 1 runed translucent door, ahope9320's ghost, amateur DECj
D:9 Prince Ribbit


Innate Abilities, Weirdness & Mutations

You are resistant to damage.
You can heal yourself by infusing magical energy.
You passively map the area around you.
You do not regenerate.
You are agile. (Dex +2)
Your mind is acute. (Int +2)


Message History

* * * LOW HITPOINT WARNING * * *
The vampire knight draws strength from your injuries!
You barely miss the vampire knight.
The vampire knight is lightly damaged.
You hit the vampire knight.
The vampire knight is lightly damaged.
The vampire knight gestures at you while chanting.
You suddenly lose the ability to move!
The vampire knight casts a spell at you.
You shrug off the repeated paralysis!
The vampire knight hits you but does no damage.
The vampire knight bites you but does no damage.
The vampire knight hits you with a +0 dire flail!!
* * * LOW HITPOINT WARNING * * *
The vampire knight bites you but does no damage.
The vampire knight hits you but does no damage.
The vampire knight bites you but does no damage.
The vampire knight hits you with a +0 dire flail!!
You die...
Your body crumbles into a pile of gold.

.........#*,... *
..#.$..$##,..#.. ##
.#####.$.##.###.,.#
..####..........#.#
...##.............
....#[..V#.#.#.#..
.##......#######.#
..)....#.#.....#.#
...##....#.)⌠..V@#
..)###...#.....#.#
...###...#######.#
....##...#.#$#.#.#
...........$$$...#
..........$..#####
............##
...>.......##
.......#....


You could see a vampire knight.

Vanquished Creatures
  A vampire knight (D:14)
  2 hydras
  Erica (D:10)
  A catoblepas (D:14)
  2 centaur warriors
  2 two-headed ogres
  Joseph (D:7)
  Maurice (D:11)
  Maggie (D:7)
  A rime drake (shapeshifter) (D:13)
  5 trolls
  3 slime creatures (D:14)
  A tyrant leech (D:14)
  2 dream sheep (D:12)
  2 hippogriffs
  A shadow (D:14)
  4 vampires
  A wraith (D:13)
  2 yaks (D:12)
  A wyvern (D:11)
  A basilisk (D:14)
  6 vampire mosquitoes
  4 hungry ghosts
  An acid dragon (D:13)
  7 orc warriors
  A water moccasin (D:11)
  3 porcupines (D:8)
  6 phantoms
  4 ice beasts
  6 sky beasts
  A necrophage (D:9)
  4 ogres
  7 centaurs
  11 big kobolds
  8 bullfrogs
  A gnoll sergeant (D:8)
  A water moccasin skeleton (D:5)
  3 killer bees (D:11)
  3 scorpions
  3 wights (D:9)
  A howler monkey (D:10)
  5 crimson imps
  A centaur zombie (D:5)
  11 jellies
  2 bullfrog zombies
  8 hounds
  A quasit (D:6)
  2 centaur skeletons (D:5)
  8 orc wizards
  12 orc priests
  3 bullfrog skeletons
  8 iguanas
  8 worker ants
  6 ogre zombies (D:10)
  A hound skeleton (D:9)
  A howler monkey zombie (D:10)
  Robin (D:2)
  7 adders
  10 gnolls
  3 shadow imps
  2 dart slugs (D:1)
  7 leopard geckos
  38 orcs
  2 ball pythons (D:1)
  5 bats
  2 giant cockroaches
  10 goblins
  6 hobgoblins
  7 jackals
  2 quokkas
  A ball python skeleton (D:5)
  3 frilled lizards
  A giant cockroach zombie (D:6)
  A hobgoblin skeleton (D:10)
  3 hobgoblin zombies (D:10)
  44 kobolds
  A leopard gecko zombie (D:5)
  4 orc skeletons (D:10)
  11 orc zombies (D:10)
  A quokka skeleton (D:5)
  4 rats
  2 fungi (D:8)
372 creatures vanquished.

Vanquished Creatures (others)
  2 dancing weapons (D:13)
  3 kobolds (D:13)
5 creatures vanquished.

Grand Total: 377 creatures vanquished

Notes
Turn   | Place    | Note
-------+----------+-------------------------------------------
     0 | D:1      | Flugslaktarn the Deep Dwarf Fighter began the quest for the
                  | Orb.
     0 | D:1      | Reached XP level 1. HP: 20/20 MP: 1/1
   143 | D:1      | Reached XP level 2. HP: 25/27 MP: 2/2
   207 | D:1      | Reached skill level 3 in Axes
   207 | D:1      | Reached XP level 3. HP: 28/33 MP: 3/3
   285 | D:2      | Noticed Robin
   322 | D:2      | Killed Robin
   425 | D:3      | Found a blossoming altar of Fedhas.
   550 | D:3      | Reached XP level 4. HP: 34/42 MP: 4/4
   560 | D:4      | Found a runed translucent door.
   560 | D:4      | Noticed ahope9320's ghost (amateur DECj)
   602 | D:4      | Reached skill level 4 in Axes
   642 | D:4      | Reached XP level 5. HP: 46/49 MP: 4/4
   754 | D:4      | Noticed a phantom
   779 | D:4      | Killed a phantom
  1028 | D:5      | Entered Level 5 of the Dungeon
  1031 | D:5      | Noticed an ice beast
  1035 | D:5      | Noticed a sky beast
  1036 | D:5      | Reached XP level 6. HP: 35/56 MP: 5/5
  1045 | D:5      | Reached skill level 5 in Axes
  1052 | D:5      | Killed an ice beast
  1060 | D:5      | Killed a sky beast
  1060 | D:5      | Reached skill level 5 in Armour
  1060 | D:5      | Reached XP level 7. HP: 24/64 MP: 6/6
  1102 | D:5      | Reached skill level 5 in Shields
  1129 | D:5      | Reached skill level 6 in Axes
  1154 | D:5      | Found a shadowy altar of Dithmenos.
  1221 | D:5      | Found a sacrificial altar of Ru.
  1536 | D:5      | Reached XP level 8. HP: 45/73 MP: 6/6
  1618 | D:5      | Gained mutation: You tend to lose your temper in combat.
                  | [potion of mutation]
  1618 | D:5      | Gained mutation: You passively map the area around you.
                  | [potion of mutation]
  1628 | D:5      | Found a sparkling altar of Nemelex Xobeh.
  1629 | D:5      | Found an opulent altar of Gozag.
  1786 | D:5      | Became a worshipper of Gozag Ym Sagoz the Greedy
  1948 | D:5      | Reached skill level 7 in Axes
  2405 | D:6      | Reached skill level 5 in Fighting
  2604 | D:6      | You fall into a shaft and drop 3 floors!
  2705 | D:9      | Reached skill level 8 in Axes
  2820 | D:9      | Mutation became permanent: You passively map a small area
                  | around you. [Deep Dwarf growth]
  2820 | D:9      | Gained mutation: You passively map the area around you.
                  | [Deep Dwarf growth]
  2820 | D:9      | Reached XP level 9. HP: 55/81 MP: 6/6
  3002 | D:9      | Reached skill level 9 in Axes
  3117 | D:9      | Paralysed by fainting for 9 turns
  3179 | D:9      | Noticed Prince Ribbit
  3279 | D:8      | Found a bloodstained altar of Trog.
  3281 | D:8      | Found a hazy altar of Hepliaklqana.
  3500 | D:8      | Found a shattered altar of Ashenzari.
  3505 | D:8      | Reached skill level 10 in Axes
  3825 | D:8      | Found a radiant altar of Vehumet.
  3879 | D:8      | Noticed a two-headed ogre
  3886 | D:8      | Killed a two-headed ogre
  3886 | D:8      | Reached XP level 10. HP: 58/92 MP: 6/6
  3926 | D:7      | Noticed Maggie
  3943 | D:7      | Killed Maggie
  3972 | D:7      | Found a staircase to the Ecumenical Temple.
  3984 | D:7      | Noticed Joseph
  3988 | D:7      | Found a stormy altar of Qazlal.
  4057 | D:7      | Killed Joseph
  4154 | D:7      | Reached skill level 11 in Axes
  4352 | D:7      | Found an ornate altar of the Wu Jian Council.
  4431 | D:7      | You fall into a shaft and drop 2 floors!
  5408 | D:8      | Found a staircase to the Lair.
  5741 | D:10     | Entered Level 10 of the Dungeon
  5810 | D:10     | Reached skill level 1 in Evocations
  5950 | D:10     | Found a staircase to the Orcish Mines.
  6144 | D:10     | Reached XP level 11. HP: 67/100 MP: 7/7
  6415 | D:10     | Found a burning altar of Makhleb.
  6568 | D:10     | Noticed Erica
  6621 | D:10     | Killed Erica
  6621 | D:10     | Reached skill level 12 in Axes
  6847 | D:11     | Found Anumad's General Store.
  6882 | D:11     | Bought a potion of heal wounds for 55 gold pieces
  7295 | D:11     | Noticed Maurice
  7360 | D:11     | Killed Maurice
  7366 | D:11     | Lost mutation: You tend to lose your temper in combat.
                  | [potion of mutation]
  7366 | D:11     | Gained mutation: Your mind is acute. (Int +2) [potion of
                  | mutation]
  7366 | D:11     | Gained mutation: You are agile. (Dex +2) [potion of
                  | mutation]
  7802 | D:12     | Identified a +1 pair of boots of running (You found it on
                  | level 12 of the Dungeon)
  7995 | D:12     | Noticed a three-headed hydra
  8014 | D:12     | Killed a one-headed hydra
  8469 | D:13     | Noticed a +5 long sword
  8477 | D:13     | Noticed a +5 long sword
  8491 | D:13     | Killed a +5 long sword
  8500 | D:13     | Killed a +5 long sword
  8500 | D:13     | Reached skill level 5 in Evocations
  8517 | D:13     | Found a gate to the Vaults.
  8576 | D:13     | Reached skill level 13 in Axes
  8585 | D:13     | Bought a bronze plate armour for 700 gold pieces
  8595 | D:13     | Identified the +9 plate armour of Circular Logic {rC+++ MR-
                  | Slay+5} (You bought it in a shop on level 13 of the
                  | Dungeon)
  8840 | D:13     | Reached skill level 10 in Shields
  8875 | D:13     | Reached skill level 10 in Armour
  9200 | D:13     | Noticed a five-headed hydra
  9215 | D:13     | Killed a five-headed hydra
  9215 | D:13     | Reached XP level 12. HP: 58/112 MP: 6/6
  9360 | D:13     | Noticed a two-headed ogre
  9360 | D:13     | Noticed a centaur warrior
  9372 | D:13     | Killed a two-headed ogre
  9376 | D:13     | Killed a centaur warrior
  9490 | D:14     | Noticed a centaur warrior
  9497 | D:14     | Killed a centaur warrior
  9588 | D:14     | HP: 1/112 [vampire/vampiric draining (11)]
  9613 | D:14     | Noticed a vampire knight
  9625 | D:14     | Noticed a catoblepas
  9638 | D:14     | Killed a catoblepas
  9670 | D:14     | Killed a vampire knight
  9674 | D:14     | Noticed a vampire knight
  9675 | D:14     | Found the +12 Vampire's Tooth {vamp}
  9683 | D:14     | Paralysed by a vampire knight for 7 turns
  9688 | D:14     | Mangled by a vampire knight

Levels and vault maps discovered:
D:1:      matt_arrival_spirals, layout_rooms
D:2:      layout_loops_ring, uniq_terence, uniq_sigmund, uniq_robin
D:3:      lemuel_castle_with_subvaults [lemuel_castle_interior_carwin_2],
          layout_basic, fedhas_ov_isle_minmay, ebering_ghost_rock_garden,
          led_sif_book
D:4:      layout_rooms, hellmonk_ghost_happy_afterlife
D:5:      layout_basic, grunt_temple_overflow_opulence,
          nicolae_overflow_crystal_walls, basic_altar, first_ration, minivault_1
D:6:      layout_layer_cave
D:7:      layout_cave_pools, grunt_qazlal_sundering, overflow_temple_1_default,
          minmay_temple_entry_antechambers, uniq_joseph, uniq_maggie
D:8:      layout_layer_cave, kennysheep_mini_moat, fiery_altar_vehumet,
          chequers_temple_overflow_statue_of_worship,
          grunt_lair_entry_orc_guard_hut
D:9:      layout_irregular_city, uniq_prince_ribbit1
D:10:     layout_long_grid, zombieorc1_lemuel, basic_altar, uniq_erica
D:11:     layout_loops_ring, serial_shops, shop_statue, uniq_maurice
D:12:     layout_irregular_city, hangedman_ranch [blue_anna_fruit_fields]
D:13:     layout_grid_maze, erik_vaults_1
D:14:     layout_cave_pools, elyvilon_altar_4,
          minmay_guarded_unrand_vampires_tooth

Skill      XL: |  1  2  3  4  5  6  7  8  9 10 11 12 |
---------------+-------------------------------------+-----
Axes           | 3 4 5 6 8 10 11 13 | 13.7
Fighting       | 3 4 5 6 7 8 |  8.8
Armour         | 4 5 6 8 9 10 | 10.5
Shields        | 4 5 6 8 9 10 | 10.5
Evocations     | 1 5 8 |  8.0

Action                   |  1- 3 |  4- 6 |  7- 9 | 10-12 || total
-------------------------+-------+-------+-------+-------++-------
Melee: War axe           |   144 |    81 |   452 |   931 ||  1608
       Falchion          |       |       |       |     9 ||     9
Invok: Call Merchant     |       |       |       |     2 ||     2
       Potion Petition   |       |       |       |     1 ||     1
 Abil: Heal Wounds       |     1 |     3 |    12 |    28 ||    44
Evoke: Wand              |       |       |       |     3 ||     3
  Use: Scroll            |       |       |    11 |     6 ||    17
       Potion            |       |       |     1 |     6 ||     7
 Stab: Distracted        |       |       |     1 |     5 ||     6
       Petrified         |       |       |       |     3 ||     3
  Eat: Chunk             |       |     1 |     2 |       ||     3
       Ration            |       |       |     4 |     7 ||    11
Armor: Scale mail        |    92 |    57 |    43 |       ||   192
       Chain mail        |       |       |    87 |       ||    87
       Plate armour      |       |       |   117 |   532 ||   649
       Skin              |       |       |       |     1 ||     1
Dodge: Dodged            |    63 |    42 |    76 |   101 ||   282
Block: Kite shield       |    76 |    55 |   239 |   117 ||   487
       Tower shield      |       |       |       |   576 ||   576
       Reflection        |       |       |       |    21 ||    21
       Rpst.: Falchion   |       |       |       |     1 ||     1

Table legend:
 A = Non-vault XP
 B = Vault XP
 C = Vault XP percentage of total XP
 D = Non-vault monster count
 E = Vault monster count
 F = Vault count percentage of total count
                 A         B        C        D         E       F
            +---------+---------+-------+---------+---------+-------
      Total |   20808 |   10084 |  32.6 |     308 |      65 |  17.4
            +---------+---------+-------+---------+---------+-------
        D:1 |      44 |       0 |   0.0 |      23 |       0 |   0.0
        D:2 |       2 |      34 |  94.4 |       2 |      11 |  84.6
        D:3 |      25 |       0 |   0.0 |       8 |       0 |   0.0
        D:4 |     272 |       0 |   0.0 |      10 |       0 |   0.0
        D:5 |    1199 |       0 |   0.0 |      32 |       0 |   0.0
        D:6 |     889 |       0 |   0.0 |      20 |       0 |   0.0
        D:7 |    1398 |     849 |  37.8 |      22 |       2 |   8.3
        D:8 |    1937 |     651 |  25.2 |      25 |       5 |  16.7
        D:9 |    2327 |       0 |   0.0 |      35 |       0 |   0.0
       D:10 |    1383 |    1507 |  52.1 |      34 |      29 |  46.0
       D:11 |    1504 |     445 |  22.8 |      31 |       1 |   3.1
       D:12 |     863 |    2179 |  71.6 |      25 |       8 |  24.2
       D:13 |    5501 |    1808 |  24.7 |      28 |       2 |   6.7
       D:14 |    3464 |    2611 |  43.0 |      13 |       7 |  35.0
            +---------+---------+-------+---------+---------+-------
